 Dungeon Crawl Stone Soup version 0.22-b1-26-g9dbaab1 (webtiles) character file.

1407 Goblin1989 the Cutter (level 8, -4/61 HPs)
             Began as a Demonspawn Transmuter on Aug 9, 2018.
             Was a Priest of Okawaru.
             Shot with an arrow by a centaur (5 damage)
             ... on level 6 of the Dungeon.
             The game lasted 00:15:12 (6653 turns).

Goblin1989 the Cutter (Demonspawn Transmuter)       Turns: 6653, Time: 00:15:12

Health: -4/61      AC: 10    Str: 11    XL:     8   Next: 42%
Magic:  11/11      EV: 11    Int: 19    God:    Okawaru [***...]
Gold:   204        SH:  4    Dex: 14    Spells: 10/11 levels left

rFire    . . .     SeeInvis .   a - +1 short sword (venom)
rCold    . . .     Gourm    .   (no shield)
rNeg     . . .     Faith    +   o - +0 ring mail
rPois    .         Spirit   .   (helmet restricted)
rElec    .         Reflect  .   p - +2 cloak
rCorr    .         Harm     .   M - +0 pair of gloves
MR       .....                  (no boots)
Stlth    +.........             z - amulet of faith {!P}
HPRegen  0.20/turn              l - ring of flight
MPRegen  0.12/turn              x - +3 ring of intelligence

@: lethally poisoned (-4 -> -9), drained
A: antennae 1, large bone plates 1, foul stench 1, spiny 1, rot immunity
a: Heroism, Renounce Religion, Evoke Flight


You were on level 6 of the Dungeon.
You worshipped Okawaru.
Okawaru was most pleased with you.
You were not hungry.

You visited 1 branch of the dungeon, and saw 6 of its levels.

You collected 204 gold pieces.

Inventory:

Hand Weapons
 a - a +1 short sword of venom (weapon)
 i - a +0 dagger of venom
 m - a +0 hunting sling
Missiles
 f - 106 arrows
 h - 14 poisoned needles
 n - 211 stones (quivered) {@Q3}
Armour
 o - a +0 ring mail (worn)
 p - a +2 cloak (worn)
 M - a +0 pair of gloves (worn)
Jewellery
 l - a ring of flight (left hand)
 x - a +3 ring of intelligence (right hand)
 z - an amulet of faith (around neck) {!P}
Wands
 D - a wand of scattershot (8) {@v5}
 E - a wand of clouds (5) {@v3}
 H - a wand of acid (2) {@v2}
Scrolls
 k - 5 scrolls of identify {unknown}
 q - 2 scrolls of immolation {unknown}
 y - 2 scrolls of remove curse {unknown}
 G - a scroll of random uselessness {unknown}
 I - a scroll of teleportation {unknown}
 J - a scroll of blinking {unknown}
 K - 3 scrolls of fog {unknown}
 L - 2 scrolls of magic mapping {unknown}
Potions
 g - 2 potions of mutation {unknown}
 s - 3 potions of lignification {unknown}
 t - a potion of heal wounds {@q2}
 u - 2 potions of degeneration {unknown}
 v - 2 potions of magic {unknown}
 w - a potion of invisibility
 B - 2 potions of agility {unknown}
 F - 2 potions of brilliance {unknown}
Comestibles
 e - 8 rations
 N - a chunk of flesh


   Skills:
 + Level 4.5 Fighting
 * Level 5.1 Short Blades
 + Level 4.0 Armour
 - Level 1.7 Dodging
 - Level 4.5 Unarmed Combat
 - Level 2.0(1.9) Spellcasting
 - Level 1.7 Transmutations
 + Level 4.7 Invocations


You had 10 spell levels left.
You knew the following spells:

 Your Spells              Type           Power        Failure   Level  Hunger
a - Beastly Appendage     Tmut           #.....       19%         1    #......

Your spell library contained the following spells:

 Spells                   Type           Power        Failure   Level  Hunger
 Summon Small Mammal      Summ           #...         36%         1    #......
 Bolt of Draining         Conj/Necr      #.........   100%        5    ######.
 Summon Ice Beast         Ice/Summ       #.......     98%         4    #####..
 Call Imp                 Summ           #.......     52%         2    ###....
 Dispel Undead            Necr           #.......     100%        5    ######.
 Sublimation of Blood     Necr           #.........   52%         2    ###....
 Corpse Rot               Necr           N/A          52%         2    ###....
 Agony                    Necr           #.......     100%        5    ######.
 Spider Form              Tmut/Pois      #.........   63%         3    ###....
 Blade Hands              Tmut           #.........   99%         5    ######.
 Ice Form                 Ice/Tmut       #.......     95%         4    #####..
 Sticks to Snakes         Tmut           #.......     28%         2    ###....
 Call Canine Familiar     Summ           #.......     75%         3    ###....
 Excruciating Wounds      Chrm/Necr      #.........   100%        5    ######.
 Summon Lightning Spire   Summ/Air       #.......     98%         4    #####..
 Summon Guardian Golem    Hex/Summ       #.......     75%         3    ###....


Dungeon Overview and Level Annotations

Branches:
Dungeon (6/15)             Temple (0/1) D:4

Altars:
Dithmenos
Okawaru
Beogh

Shops:
D:4 }(

Annotations:
D:4 3 runed doors, tyranidshit's ghost, amateur DsAK
D:5 2 transporters
D:6 Blork the orc


Innate Abilities, Weirdness & Mutations

You have a pair of small antennae on your head.
You are partially covered in large bone plates. (SH +4)
You may emit foul miasma when damaged in melee.
You are partially covered in sharp spines.
You are immune to rotting.


Message History

Blork the orc is moderately wounded.
Blork the orc is struck by your spines.
Blork the orc hits you but does no damage.
You hit Blork the orc.
Blork the orc is poisoned.
Blork the orc is severely wounded.
A centaur comes into view.
The water moccasin bites you but does no damage.
Blork the orc screams, "I don't like you!"
Blork the orc gestures wildly while chanting.
Blork the orc flickers and vanishes!
Deactivating autopickup; reactivate with Ctrl-A.
Something completely misses you. You block the water moccasin's attack.
The centaur shouts!
The centaur wields a shortbow.
The centaur shoots an arrow.
The arrow closely misses you.
You see here an arrow.
The centaur shoots an arrow.
The arrow barely misses you.
The water moccasin is struck by your spines.
The water moccasin barely misses you.
A puff of flame appears from out of thin air!
The puff of flame hits you!
The centaur shoots an arrow.
The arrow hits you.
You see here an arrow.
You take 3 damage, and have 58/61 hp.
You hear some strange, mumbled words.
The water moccasin bites you.
You take 2 damage, and have 57/61 hp.
You hit the water moccasin.
The water moccasin is lightly wounded.
The water moccasin is struck by your spines.
The water moccasin bites you but does no damage.
You closely miss the water moccasin.
The water moccasin is moderately wounded.
You block the water moccasin's attack. Something hits you.
The water moccasin is struck by your spines.
The water moccasin closely misses you.
You take 5 damage, and have 52/61 hp.
You hit the water moccasin but do no damage.
The water moccasin is poisoned.
The water moccasin is heavily wounded.
The water moccasin bites you but does no damage.
The water moccasin looks sick.
Something hits you.
A giant cockroach comes into view.
You take 2 damage, and have 50/61 hp.
You closely miss the water moccasin.
The water moccasin is heavily wounded.
The water moccasin completely misses you.
Something hits you but does no damage.
You hit the water moccasin.
The water moccasin is heavily wounded.
The water moccasin bites you. Something hits you!
You take 15 damage, and have 35/61 hp.
MASSIVE DAMAGE!!
You closely miss the water moccasin.
The water moccasin is heavily wounded.
The water moccasin bites you.
You are poisoned.
The water moccasin poisons you!
You emit a cloud of foul miasma!
You block something's attack.
The water moccasin is engulfed in dark miasma.
You block the water moccasin's attack.
You take 6 damage, and have 29/61 hp.
You feel sick.
The water moccasin is engulfed in dark miasma.
You kill the water moccasin!
Okawaru is honoured by your kill.
Okawaru will gift you ammunition as your piety grows.
Your Short Blades skill increases to level 5!
Your base Armour skill increases to level 4!
A puff of frost appears from out of thin air!
The puff of frost misses you.
You take 1 damage, and have 28/61 hp.
Unknown command.
You feel sick.
You feel sick.
The centaur shoots an arrow.
The arrow hits you!
* * * LOW HITPOINT WARNING * * *
You see here an arrow.
You take 8 damage, and have 20/61 hp.
You hit the centaur.
The centaur is poisoned.
The centaur is lightly wounded.
You feel sick.
The centaur unwields an uncursed shortbow.
The centaur is struck by your spines. The centaur hits you.
* * * LOW HITPOINT WARNING * * *
You emit a cloud of foul miasma!
You take 7 damage, and have 13/61 hp.
You hit the giant cockroach.
The giant cockroach is poisoned.
The giant cockroach is almost dead.
You feel sick.
You kill the giant cockroach!
Okawaru accepts your kill. Something hits you but does no damage.
The centaur is engulfed in dark miasma.
The centaur looks even sicker.
The centaur hits you but does no damage.
You take 1 damage, and have 12/61 hp.
Unknown command.
Something hits you!
* * * LOW HITPOINT WARNING * * *
The centaur is engulfed in dark miasma.
The centaur looks as sick as possible!
The centaur wields an uncursed shortbow.
The centaur shoots an arrow.
The arrow hits you.
You die...

.......█..... █.████....
.........█.██ █.██ █
............████████..█
.........█.........██.██████.
...........███████...........
...........██████████<..[████
.........(.(.†..██ █......██
......████.(███{.███.████..█
.....█ █..c(@..........█.█


█████ █..███..........█.█ ██.█ █..........█ . █.███████.██████ . █..█
█.███████.█ ██.█ █....)....█ █████.█████████......█ █..........███..████.█
█..............██ .█ You could see a centaur.

Vanquished Creatures
  Grinder (D:5)
  Edmund (D:6)
  A water moccasin (D:6)
  A sky beast (D:4)
  An ogre (D:5)
  A centaur (D:6)
  A bullfrog (D:6)
  3 scorpions
  A howler monkey (D:6)
  2 crimson imps
  A bullfrog zombie (D:5)
  A hound (D:4)
  An orc wizard (D:4)
  A centaur skeleton (D:4)
  An iguana (D:4)
  Terence (D:3)
  Natasha (twice) (D:3)
  A worker ant (D:4)
  Robin (D:3)
  4 gnolls
  3 adders
  A shadow imp (D:5)
  An ooze (D:1)
  An adder zombie (D:6)
  4 dart slugs
  A leopard gecko (D:5)
  5 orcs
  A bat (D:1)
  A giant cockroach (D:6)
  15 goblins
  7 hobgoblins
  6 kobolds
  3 quokkas
  A ball python (D:1)
  7 frilled lizards
  A quokka zombie (D:6)
  3 rats
88 creatures vanquished.

Notes
Turn   | Place    | Note
-------+----------+-------------------------------------------
     0 | D:1      | Goblin1989 the Demonspawn Transmuter began the quest for the Orb.
     0 | D:1      | Reached XP level 1. HP: 15/15 MP: 3/3
   473 | D:1      | Gained mutation: You are partially covered in large bone plates. (SH +4) [demonic ancestry]
   473 | D:1      | Reached XP level 2. HP: 21/21 MP: 5/5
  1383 | D:2      | Gained mutation: You are immune to rotting. [demonic ancestry]
  1383 | D:2      | Reached XP level 3. HP: 26/26 MP: 6/6
  1717 | D:2      | Found an iron altar of Okawaru.
  1728 | D:2      | Became a worshipper of Warmaster Okawaru
  2018 | D:3      | Found a faded altar of an unknown god.
  2110 | D:3      | Found a shadowy altar of Dithmenos.
  2198 | D:3      | Noticed Robin
  2413 | D:3      | Noticed Natasha
  2420 | D:3      | HP: 1/26 [Natasha (8)]
  2422 | D:3      | Killed Natasha
  2422 | D:3      | Gained mutation: You may emit foul miasma when damaged in melee. [demonic ancestry]
  2422 | D:3      | Reached XP level 4. HP: 1/32 MP: 7/7
  2765 | D:3      | Killed Robin
  2765 | D:3      | Reached skill level 1 in Armour
  2809 | D:3      | Noticed Terence
  2828 | D:3      | Killed Terence
  2863 | D:3      | Noticed Natasha
  2886 | D:3      | Killed Natasha
  2886 | D:3      | Gained mutation: You have a pair of small antennae on your head. [demonic ancestry]
  2886 | D:3      | Reached XP level 5. HP: 33/38 MP: 8/8
  3446 | D:4      | Found Keaps's Antique Weapon Shoppe.
  3510 | D:4      | Reached * piety under Okawaru
  3510 | D:4      | Reached skill level 1 in Short Blades
  3867 | D:4      | Reached XP level 6. HP: 34/46 MP: 9/9
  3958 | D:4      | Reached skill level 2 in Short Blades
  3958 | D:4      | Reached skill level 1 in Invocations
  4129 | D:4      | Found a runed gate.
  4130 | D:4      | Found a runed gate.
  4131 | D:4      | Found a runed gate.
  4133 | D:4      | Noticed tyranidshit's ghost (amateur DsAK)
  4530 | D:4      | Found a staircase to the Ecumenical Temple.
  4961 | D:4      | Found Vupuffoo's Gadget Shop.
  4978 | D:4      | Noticed a sky beast
  4992 | D:4      | Killed a sky beast
  4992 | D:4      | Reached skill level 3 in Short Blades
  4992 | D:4      | Reached XP level 7. HP: 28/52 MP: 10/10
  5216 | D:4      | Found a roughly hewn altar of Beogh.
  5262 | D:5      | Entered Level 5 of the Dungeon
  5269 | D:5      | Noticed Grinder
  5302 | D:5      | Paralysed by Grinder for 3 turns
  5315 | D:5      | Paralysed by Grinder for 6 turns
  5456 | D:5      | Reached ** piety under Okawaru
  5647 | D:5      | Found a transporter.
  5722 | D:5      | Paralysed by Grinder for 6 turns
  5750 | D:5      | Killed Grinder
  5750 | D:5      | Reached skill level 4 in Short Blades
  6151 | D:5      | Found a transporter.
  6297 | D:6      | Gained mutation: You are partially covered in sharp spines. [demonic ancestry]
  6297 | D:6      | Reached XP level 8. HP: 35/60 MP: 11/11
  6533 | D:6      | Noticed Edmund
  6544 | D:6      | Killed Edmund
  6624 | D:6      | Noticed Blork the orc
  6648 | D:6      | Reached *** piety under Okawaru
  6648 | D:6      | Reached skill level 5 in Short Blades
  6653 | D:6      | HP: 1/61 [something (11)]
  6653 | D:6      | Shot with an arrow by a centaur

Skill      XL: |  1  2  3  4  5  6  7  8 |
---------------+-------------------------+-----
Unarmed Combat | 3 4 |  4.5
Armour         | 1 2 3 4 |  4.0
Fighting       | 2 3 4 |  4.5
Short Blades   | 1 3 4 5 |  5.1
Invocations    | 2 3 4 |  4.7
Dodging        | |  1.7
Spellcasting   | |  2.0
Transmutations | |  1.7

Action                   |  1- 3 |  4- 6 |  7- 9 || total
-------------------------+-------+-------+-------++-------
Melee: Unarmed           |     9 |       |       ||     9
       Short sword       |   101 |   126 |   133 ||   360
       Punch             |     1 |     1 |       ||     2
Invok: Heroism           |       |     1 |     1 ||     2
Evoke: Wand              |       |       |     5 ||     5
  Use: Potion            |       |       |     2 ||     2
  Eat: Chunk             |     5 |     4 |     2 ||    11
       Ration            |       |     1 |     1 ||     2
Armor: Robe              |     5 |       |       ||     5
       Ring mail         |    18 |    36 |    40 ||    94
Dodge: Dodged            |    46 |    46 |    51 ||   143
Block: Other             |    16 |    28 |    21 ||    65

Vault maps used:
D:1:      scummos_arrival_gate
D:2:      old_standard_altar
D:3:      grunt_dithmenos_smoke, chequers_ecumenical_altar_lobes, first_ration,
          uniq_robin, uniq_natasha, uniq_terence
D:4:      minmay_temple_entry_purple_smoke, serial_shops, kennysheep_little_box,
          nicolae_shop_behind_doors, biasface_ghost_orc_armoury
D:5:      gammafunk_wand_slinger, uniq_grinder
D:6:      uniq_edmund, uniq_blork_the_orc
